AoeStats
← [GDL] Maldito Pantoja

Arabia

506542105Analyzed
4v4 RM · 19d ago on Sep 14, 2026· 21m 21s· 8 players
Game mode
Random Map
Map size
Large (8 player)
Population
200
Speed
Normal
Resources
Standard
Victory
Conquest
Starting age
Dark Age
Ending age
Imperial Age
RankedLock teamsTeams togetherTeam positionsShared explorationLock speedFull tech treeHidden civsTurbo modeCheats
Victory
Defeat
🇹🇼 Magyars · Taiwan
1291
+16
🇲🇽 Berbers · Mexico
1269
+17
🇺🇸 Ethiopians · United States
1258
+17
🇸🇰 Maya · Slovakia
1232
+18
🇧🇷 Persians · Brazil
1302
-18
🇦🇷 Maya · Argentina
1298
-18
🇨🇱 Teutons · Chile
1297
-18
🇧🇷 Franks · Brazil
1223
-14
[GDL] Maldito Pantoja
7:17 Loom
9:44 Feudal Age
15:40 Scale Barding Armor
17:05 Forging
19:11 Bloodlines
Amauta
8:32 Loom
10:36 Feudal Age
12:46 Double-Bit Axe
15:32 Fletching
15:44 Padded Archer Armor
18:06 Horse Collar
23:56 Castle Age
21:51 Gold Mining
Luthran
0:42 Loom
11:04 Feudal Age
15:52 Scale Mail Armor
18:31 Double-Bit Axe
19:48 Scale Mail Armor
20:26 Fletching
22:54 Castle Age
21:35 Arson
椰子
9:51 Feudal Age
10:28 Double-Bit Axe
13:22 Scale Barding Armor
20:24 Horse Collar
Chelowolf
3:36 Loom
6:32 Loom
6:40 Loom
9:25 Feudal Age
13:55 Fletching
JVM
0:33 Loom
9:51 Feudal Age
10:20 Double-Bit Axe
13:06 Fletching
19:06 Padded Archer Armor
Fs.Ze bolacha
5:58 Loom
9:00 Feudal Age
9:52 Double-Bit Axe
15:45 Horse Collar
18:20 Forging
19:12 Scale Barding Armor
19:55 Bloodlines
22:54 Castle Age
got.
6:58 Loom
9:09 Feudal Age
10:05 Double-Bit Axe
16:21 Wheelbarrow
17:49 Scale Barding Armor
19:02 Forging
23:08 Castle Age
Connection lost

Rejoining the realm…

Still unreachable

The connection could not be restored.

Session expired

The server has moved on; the page needs a fresh start.